 Dungeon Crawl Stone Soup version 0.32-a0-7-ge934b4519a (webtiles) character file.

Game seed: 5385848509737598686

468 Xavori the Trooper (level 7, -2/52 HPs)
             Began as a Djinni Chaos Knight on Jan 13, 2024.
             Was a Plaything of Xom.
             Slain by Eustachio
             ... wielding a +4 rapier of speed
              (5 damage)
             ... on level 5 of the Dungeon.
             The game lasted 00:03:35 (6480 turns).

Xavori the Trooper (Djinni Chaos Knight)            Turns: 6480, Time: 00:03:37

Health: -2/52      AC:  6    Str: 11    XL:     7   Next: 30%
Gold:   926        EV: 13    Int: 15    God:    Xom [.....*] SH:  4 Dex: 19

rFire   + + .        a - +0 falchion (chaos)
rCold   x . .        (no shield)
rNeg    . . .        b - +2 leather armour
rPois   ∞            (helmet restricted)
rElec   .            g - +0 cloak
rCorr   .            (no gloves)
SInv    .            (boots unavailable)
Will    .....        (no amulet)
Stlth   +            f - +6 ring of dexterity
HPRegen 1.08/turn    (no ring)
MPRegen 0.00/turn

%: clarity, infuse magic (-3 HP)
@: flying
A: sickness immunity, fire resistance 2, cold vulnerability 1, float, innate
caster, HP casting, extra vitality 1, fangs 1, horns 2, large bone plates 1,
clarity, passive freeze, regeneration 1, evolution 1, MP-powered wands,
persistent drain
a: Renounce Religion


You were on level 5 of the Dungeon.
You worshipped Xom.
You were Xom's teddy bear.
You visited 1 branch of the dungeon, and saw 5 of its levels.

You collected 926 gold pieces.

Inventory:

Hand Weapons
 a - a +0 falchion of chaos (weapon)
Armour
 b - a +2 leather armour (worn)
 g - a +0 cloak (worn)
 h - a +0 helmet
Jewellery
 f - a +6 ring of dexterity (left hand)
Wands
 n - a wand of flame (18)
 p - a wand of acid (8)
Scrolls
 c - a scroll of butterflies
 d - a scroll of fog {unknown}
 j - 2 scrolls of identify
 k - a scroll of blinking
 m - a scroll of enchant armour
 o - 2 scrolls of teleportation {unknown}
 q - a scroll of amnesia {unknown}
Potions
 e - 2 potions of mutation
 i - 2 potions of heal wounds {unknown}
 l - 2 potions of invisibility {unknown}


   Skills:
 + Level 4.1 Fighting
 + Level 3.7 Long Blades
 + Level 2.8 Armour
 + Level 3.7 Dodging
 * Level 3.0 Spellcasting
 * Level 3.0 Conjurations
 * Level 3.0 Hexes
   Level 0.0 Charms
 * Level 3.0 Summonings
 * Level 3.0 Necromancy
 * Level 3.0 Translocations
   Level 0.0 Transmutations
 * Level 3.0 Fire Magic
 * Level 3.0 Ice Magic
 * Level 3.0 Air Magic
 * Level 3.0 Earth Magic
 * Level 3.0 Alchemy


You knew the following spells:

 Your Spells              Type           Power      Damage    Failure   Level
a - Magic Dart            Conj           44%        1d5       8%          1
b - Scorch                Fire           22%        2d5       11%         2
c - Inner Flame           Hex/Fire       11%        N/A       22%         3
Your spell library was empty.

Dungeon Overview and Level Annotations

Branches:
Dungeon (5/15)
 Temple: D:4-7

Altars:
Elyvilon
Fedhas
Xom
Zin

Shops:
D:1 [   D:3 (

Annotations:
D:5 Eustachio


Innate Abilities, Weirdness & Mutations

You are immune to sickness and miasma.
You are immune to poison.
Your flesh is very heat resistant. (rF++)
You are vulnerable to cold. (rC-)
You float through the air rather than walking.
You learn spells naturally, not from books.
Your magical power is your life essence.
You have superior vitality. (+4 MHP)
You have very sharp teeth.
You have a pair of horns on your head.
You are partially covered in large bone plates. (SH +4)
You possess an exceptional clarity of mind.
A frigid envelope surrounds you and freezes all who hurt you.
Your natural rate of healing is unusually fast.
You have hidden genetic potential.
You expend health (3 HP) to strengthen your wands.
Your health recovers twice as slowly from being drained.


Message History

The ogre is lightly wounded.
Unknown command.
You barely miss the ogre. Your punch misses the ogre.
Flame seeps out of the ogre.
You bite the ogre.
The ogre is lightly wounded.
The ogre is engulfed in blazing flames.
Flame seeps out of the ogre.
The ogre misses you.
Eustachio hits you with a +4 rapier of speed.
Eustachio is very cold.
Eustachio is lightly wounded.
Unknown command.
You slash the ogre!
The ogre explodes!
The fiery explosion engulfs you! You resist.
* * * LOW HITPOINT WARNING * * *
You are engulfed in blazing flames.
You resist.
* * * LOW HITPOINT WARNING * * *
You hear an angry hiss.
You hear a bark!
An adder comes into view.
Eustachio casts a spell.
Your Spellcasting skill increases to level 3!
Your Conjurations skill increases to level 3!
Your Hexes skill increases to level 3!
Your Summonings skill increases to level 3!
Your Necromancy skill increases to level 3!
Your Translocations skill increases to level 3!
Your Fire Magic skill increases to level 3!
Your Ice Magic skill increases to level 3!
Your Air Magic skill increases to level 3!
Your Earth Magic skill increases to level 3!
Your Alchemy skill increases to level 3!
Unknown command.
You are engulfed in blazing flames.
You resist.
* * * LOW HITPOINT WARNING * * *
Xom's power touches on a nearby monster.
The adder seems to slow down.
The adder is no longer moving slowly.
Eustachio hits you with a +4 rapier of speed.
You die...
Eustachio twirls his moustache.
Xom thinks this is hilarious!

.....# ......
......### #.
........## ...
.........##....
.......§.§...#
#....b@§§§..#
#....@#
#.....## #.....
.S..... #......
#...... #......
.......


You could see Eustachio, an adder (wandering) and a bat (summoned).

Vanquished Creatures
  2 black bears (D:4)
  An ogre (D:5)
  A hound (D:4)
  A sleepcap (D:4)
  Robin (D:2)
  2 adders
  A dart slug (D:1)
  2 ribbon worms
  10 ball pythons
  9 endoplasms
  3 giant cockroaches
  15 goblins
  8 hobgoblins
  2 jackals (D:1)
  3 quokkas
  3 bats
  5 frilled lizards
  4 kobolds
  4 rats
77 creatures vanquished.

Vanquished Creatures (collateral kills)
  Jessica (D:2)
  An adder (D:2)
2 creatures vanquished.

Grand Total: 79 creatures vanquished

Notes
Turn   | Place    | Note
-------+----------+-------------------------------------------
     0 | D:1      | Xavori the Djinni Chaos Knight began the quest for the Orb.
     0 | D:1      | Reached XP level 1. HP: 20/20 MP: 0/0
   118 | D:1      | Reached XP level 2. HP: 25/25 MP: 0/0
   134 | D:1      | XOM: silly message
   168 | D:1      | XOM: divination: magic mapping
   243 | D:1      | Found Zedaot's Armour Emporium.
   352 | D:1      | Found a faded altar of an unknown god.
   362 | D:1      | Reached XP level 3. HP: 30/30 MP: 0/0
   362 | D:1      | Learned a level 1 spell: Magic Dart
   448 | D:2      | Noticed Robin
   456 | D:1      | Reached skill level 1 in Spellcasting
   456 | D:1      | Reached skill level 1 in Conjurations
   456 | D:1      | Reached skill level 1 in Hexes
   456 | D:1      | Reached skill level 1 in Summonings
   456 | D:1      | Reached skill level 1 in Necromancy
   456 | D:1      | Reached skill level 1 in Translocations
   456 | D:1      | Reached skill level 1 in Fire Magic
   456 | D:1      | Reached skill level 1 in Ice Magic
   456 | D:1      | Reached skill level 1 in Air Magic
   456 | D:1      | Reached skill level 1 in Earth Magic
   456 | D:1      | Reached skill level 1 in Alchemy
   578 | D:2      | Killed Robin
   582 | D:2      | Reached XP level 4. HP: 23/35 MP: 0/0
  1147 | D:1      | XOM: cloud trail
  1302 | D:1      | XOM: give mutation
  1302 | D:1      | Gained mutation: You expend health (3 HP) to strengthen
                  | your wands. [Xom's grace]
  1488 | D:1      | XOM: give mutations
  1488 | D:1      | Gained mutation: You are agile. (Dex +4, Str/Int -1) [Xom's
                  | grace]
  1488 | D:1      | Gained mutation: Your flesh is almost immune to the effects
                  | of heat. (rF+++) [Xom's grace]
  1488 | D:1      | Gained mutation: You have a pair of small horns on your
                  | head. [Xom's grace]
  1488 | D:1      | Gained mutation: You have hidden genetic potential. [Xom's
                  | grace]
  1809 | D:1      | XOM is BORED!
  1809 | D:1      | XOM: give mutations
  1809 | D:1      | Gained mutation: Your health recovers twice as slowly from
                  | being drained. [Xom's mischief]
  2206 | D:1      | XOM: 1-stop teleportation journey
  3012 | D:1      | XOM: noise
  4211 | D:1      | XOM: summons 3 hostile demons
  4327 | D:1      | XOM is BORED!
  4327 | D:1      | XOM: summons 1 hostile demon
  4363 | D:2      | XOM: 1-stop teleportation journey
  4455 | D:2      | Noticed Jessica
  4459 | D:2      | XOM: cast spell 'Summon Hydra'
  4461 | D:2      | Killed Jessica
  4468 | D:2      | Reached XP level 5. HP: 39/40 MP: 0/0
  4468 | D:2      | Learned a level 2 spell: Scorch
  4498 | D:2      | Gained mutation: You have very sharp teeth. [hidden
                  | potential]
  4583 | D:2      | XOM: scenery: create altars
  4623 | D:1      | XOM: give mutations
  4623 | D:1      | Gained mutation: You possess an exceptional clarity of
                  | mind. [Xom's grace]
  5175 | D:2      | XOM: god gift: 6 gold pieces
  5184 | D:3      | Found a blossoming altar of Fedhas.
  5285 | D:3      | Found Yhaseidd's Antique Weapon Shoppe.
  5326 | D:3      | Found a glowing silver altar of Zin.
  5436 | D:3      | XOM: 2-stop teleportation journey
  5636 | D:3      | XOM: give mutation
  5636 | D:3      | Gained mutation: You have great hidden genetic potential.
                  | [Xom's grace]
  5689 | D:3      | Found a white marble altar of Elyvilon.
  5693 | D:3      | Identified a scroll of acquirement
  5695 | D:3      | Acquired 768 gold pieces
  5814 | D:4      | Noticed a black bear
  5836 | D:4      | Lost mutation: Your flesh is almost immune to the effects
                  | of heat. (rF+++) [potion of mutation]
  5836 | D:4      | Lost mutation: You have great hidden genetic potential.
                  | [potion of mutation]
  5836 | D:4      | Lost mutation: You are agile. (Dex +4, Str/Int -1) [potion
                  | of mutation]
  5836 | D:4      | Gained mutation: You are partially covered in large bone
                  | plates. (SH +4) [potion of mutation]
  5845 | D:4      | Killed a black bear
  5846 | D:4      | Reached XP level 6. HP: 21/47 MP: 0/0
  5955 | D:4      | XOM: give mutations
  5955 | D:4      | Gained mutation: Your natural rate of healing is unusually
                  | fast. [Xom's grace]
  5955 | D:4      | Gained mutation: You have a pair of horns on your head.
                  | [Xom's grace]
  5955 | D:4      | Gained mutation: A frigid envelope surrounds you and
                  | freezes all who hurt you. [Xom's grace]
  6117 | D:4      | Noticed a black bear
  6122 | D:4      | Killed a black bear
  6123 | D:4      | Reached skill level 4 in Fighting
  6123 | D:4      | Reached XP level 7. HP: 51/52 MP: 0/0
  6123 | D:4      | Learned a level 3 spell: Inner Flame
  6474 | D:5      | Entered Level 5 of the Dungeon
  6474 | D:5      | Noticed Eustachio
  6480 | D:5      | HP: 2/52 [cloud of flame (5)]
  6480 | D:5      | XOM: enchant monster (good)
  6480 | D:5      | Slain by Eustachio

Illustrated notes

Levels and vault maps discovered:
D:1:      spicycebolla_arrival_xxxplode, layout_basic, serial_shops, shop,
          hellmonk_ecumenical_altar_dog_temple
D:2:      layout_rooms, uniq_robin, uniq_jessica
D:3:      layout_basic, minitemple, lemuel_tele_altar, serial_shops, shop,
          serial_bayou_pond_d
D:4:      layout_loops_cross
D:5:      layout_cave_pools, temple_statues, serial_gnoll_camp,
          gnoll_camp_mini_shop, gnoll_camp_mini_shop, gnoll_camp_mini_doghouse,
          gnoll_camp_mini_shop, minmay_misc_feat_pillars,
          roderic_serpentine_path, uniq_menkaure, uniq_grinder, uniq_eustachio

Skill      XL: |  1  2  3  4  5  6  7 |
---------------+----------------------+-----
Spellcasting   | 1 2 3 |  3.0
Conjurations   | 1 2 3 |  3.0
Hexes          | 1 2 3 |  3.0
Summonings     | 1 2 3 |  3.0
Necromancy     | 1 2 3 |  3.0
Translocations | 1 2 3 |  3.0
Fire Magic     | 1 2 3 |  3.0
Ice Magic      | 1 2 3 |  3.0
Air Magic      | 1 2 3 |  3.0
Earth Magic    | 1 2 3 |  3.0
Alchemy        | 1 2 3 |  3.0
Long Blades    | 3 |  3.7
Armour         | 2 |  2.8
Dodging        | 3 |  3.7
Fighting       | 4 |  4.1

Action                     |  1- 3 |  4- 6 |  7- 9 || total
---------------------------+-------+-------+-------++-------
  Melee: Falchion          |    65 |   125 |     8 ||   198
         Headbutt          |       |    19 |       ||    19
         Bite              |       |     5 |     1 ||     6
   Cast: Inner Flame       |       |       |     1 ||     1
    Use: Scroll            |       |     4 |       ||     4
         Potion            |       |     2 |       ||     2
   Stab: Sleeping          |       |     2 |       ||     2
 Armour: Leather armour    |    60 |   121 |     7 ||   188
  Dodge: Dodged            |    56 |   120 |     3 ||   179
  Block: Other             |       |     1 |       ||     1

Table legend: (Time is in decaauts)
 A = Elapsed time spent in this place.
 B = Non-inter-level travel time spent in this place.
 C = Inter-level travel time spent in this place.
 D = Time resting spent in this place.
 E = Time spent auto-exploring this place.
 F = Levels seen in this place.
 G = Mean time per level.
                   A        B        C        D        E       F      G
               +--------+--------+--------+--------+--------+-----+--------+
         Total |   6516 |   6428 |     88 |   4320 |   1560 |   5 | 1303.2 |
       Dungeon |   6516 |   6428 |     88 |   4320 |   1560 |   5 | 1303.2 |
               +--------+--------+--------+--------+--------+-----+--------+

Top non-repeatable levels by time:
     D:1: 4553 daAuts
     D:4: 756 daAuts
     D:2: 656 daAuts
     D:3: 544 daAuts
     D:5: 6 daAuts
